 Dungeon Crawl Stone Soup version 0.30-a0-737-gf23d94013f (webtiles) character file.

Game seed: 3894101847054325014

39 jimonade the Magician (level 3, -2/25 HPs)
             Began as a Gnoll Hedge Wizard on Feb 2, 2023.
             Killed from afar by Natasha (6 damage)
             ... with a magic dart
             ... on level 2 of the Dungeon.
             The game lasted 00:00:53 (331 turns).

jimonade the Magician (Gnoll Hedge Wizard)           Turns: 331, Time: 00:00:54

Health: -2/25      AC:  6    Str: 11    XL:     3   Next: 45%
Magic:  7/11       EV: 13    Int: 13    God:
Gold:   10         SH:  0    Dex: 11    Spells: 15/16 levels left

rFire   . . .      SeeInvis .    a - +0 dagger
rCold   . . .      Faith    .    (no shield)
rNeg    . . .      Spirit   .    b - +0 robe
rPois   .          Reflect  .    c - +0 hat
rElec   .          Harm     .    (no cloak)
rCorr   .          Rampage  .    (no gloves)
Will    .....                    (no boots)
Stlth   ++                       (no amulet)
HPRegen 0.24/turn                i - +4 ring of protection
MPRegen 0.12/turn                (no ring)

@: slowed, very slow
A: fangs 1, strong nose, distributed training
a: no special abilities


You were on level 2 of the Dungeon.
You visited 1 branch of the dungeon, and saw 2 of its levels.

You collected 10 gold pieces.

Inventory:

Hand Weapons
 a - a +0 dagger (weapon)
Armour
 b - a +0 robe (worn)
 c - a +0 hat (worn)
Jewellery
 i - a +4 ring of protection (left hand)
Scrolls
 e - 2 scrolls of identify {unknown}
 g - a scroll of torment {unknown}
 j - a scroll of butterflies {unknown}
Potions
 d - a potion of magic
 f - 2 potions of flight {unknown}
 h - a potion of degeneration {unknown}
 k - 2 potions of curing {unknown}


   Skills:
 + Level 0.9 Fighting
 + Level 0.9 Short Blades
 + Level 0.9 Long Blades
 + Level 0.9 Axes
 + Level 0.9 Maces & Flails
 + Level 0.9 Polearms
 + Level 0.9 Staves
 + Level 0.9 Ranged Weapons
 + Level 0.9 Throwing
 + Level 0.9 Armour
 + Level 4.5 Dodging
 + Level 4.2 Stealth
 + Level 0.9 Shields
 + Level 0.9 Unarmed Combat
 + Level 7.1 Spellcasting
 + Level 2.1 Conjurations
 + Level 0.6 Hexes
 + Level 2.1 Summonings
 + Level 0.6 Necromancy
 + Level 2.1 Translocations
 + Level 0.6 Transmutations
 + Level 0.6 Fire Magic
 + Level 0.6 Ice Magic
 + Level 0.6 Air Magic
 + Level 0.6 Earth Magic
 + Level 0.6 Poison Magic
 + Level 1.0 Invocations
 + Level 0.9 Evocations


You had 15 spell levels left.
You knew the following spells:

 Your Spells              Type           Power      Damage    Failure   Level
a - Magic Dart            Conj           40%        1d5       6%          1

Your spell library contained the following spells:

 Spells                   Type           Power      Damage    Failure   Level
 Blink                    Tloc           20%        N/A       10%         2
 Call Imp                 Summ           10%        N/A       10%         2
 Slow                     Hex            24%        N/A       12%         1
 Cigotuvi's Dreadful Rot  Necr/Pois/Air  12%        N/A       17%         2
 Mephitic Cloud           Conj/Pois/Air  7%         N/A       28%         3


Dungeon Overview and Level Annotations

Branches:
Dungeon (1/15)

Altars:

Annotations:
D:2 Natasha


Innate Abilities, Weirdness & Mutations

You have very sharp teeth.
Your uncanny sense of smell can sniff out nearby items.
Your experience applies equally to all skills.


Message History

Natasha misses you. Natasha claws you!
* * * LOW HITPOINT WARNING * * *
You closely miss Natasha.
Natasha is severely wounded.
Natasha barely misses you.
You hit Natasha.
Natasha is almost dead.
Natasha claws you.
* * * LOW HITPOINT WARNING * * *
Natasha casts a spell.
You hit Natasha.
You kill Natasha!
Natasha screams in pain as she dies!
The shadow imp disappears in a puff of smoke!
Your Invocations skill increases to level 1!
You have reached level 3!
Your experience leads to an increase in your attributes!
Increase (S)trength, (I)ntelligence, or (D)exterity?
You feel stronger. x2
Your magical contamination has completely faded away.
There is a stone staircase leading down here.
Natasha, Servant of Life and Death comes into view.
Natasha hisses angrily.
Natasha casts a spell at you. The magic dart hits you.
* * * LOW HITPOINT WARNING * * *
Natasha mumbles some strange words.
Natasha closely misses you.
You barely miss Natasha. You bite Natasha, but do no damage.
Natasha barely misses you.
You hit Natasha but do no damage.
Natasha mumbles some strange words.
The crimson imp hits you but does no damage.
You hit Natasha.
Natasha is moderately wounded.
Natasha closely misses you. The crimson imp barely misses you.
The shadow imp closely misses you.
Natasha stares at you and mumbles some strange words.
The magic dart hits you.
You die...

.........# .........#
.........# ...(.....#
.######### ##### .# ######
#...#
.############....########.#.#
............'..............>#
.############...@5#######.#.#
.####### #..5h.# #.#.#
.......# #.....# #.#.#
.......########...#######.#.#
.......'...............##.#.#
.......########...####.##.#.#
.......# #...# #.##.#.#
.......# .....# #[##.#.#
.......# .......# #.##.#.#


You could see Natasha, a crimson imp (summoned) and a shadow imp (summoned).

Vanquished Creatures
  Natasha (D:2)
  An adder (D:2)
  A ball python (D:2)
  A bat (D:2)
  2 goblins (D:2)
6 creatures vanquished.

Notes
Turn   | Place    | Note
-------+----------+-------------------------------------------
     0 | D:1      | jimonade the Gnoll Hedge Wizard began the quest for the
                  | Orb.
     0 | D:1      | Reached XP level 1. HP: 13/13 MP: 8/8
    35 | D:1      | You fall into a shaft and drop 1 floor!
    75 | D:2      | Reached XP level 2. HP: 17/20 MP: 1/10
   295 | D:2      | Noticed Natasha
   309 | D:2      | HP: 1/20 [Natasha (4)]
   310 | D:2      | Killed Natasha
   311 | D:2      | Reached skill level 1 in Invocations
   311 | D:2      | Reached XP level 3. HP: 2/25 MP: 3/11
   325 | D:2      | Noticed Natasha
   331 | D:2      | Killed from afar by Natasha

Illustrated notes

Levels and vault maps discovered:
D:1:      nicolae_arrival_memento_mori, layout_basic, basic_ecumenical_altar,
          minivault_24, minmay_pentomino_q2
D:2:      layout_basic, uniq_natasha, uniq_crazy_yiuf_cottage

Skill      XL: |  1  2 |
---------------+-------+-----
Conjurations   | 2 |  2.1
Summonings     | 2 |  2.1
Translocations | 2 |  2.1
Invocations    | 1 |  1.0
Fighting       | |  0.9
Short Blades   | |  0.9
Long Blades    | |  0.9
Axes           | |  0.9
Maces & Flails | |  0.9
Polearms       | |  0.9
Staves         | |  0.9
Ranged Weapons | |  0.9
Throwing       | |  0.9
Armour         | |  0.9
Dodging        | |  4.5
Stealth        | |  4.2
Shields        | |  0.9
Unarmed Combat | |  0.9
Spellcasting   | |  7.1
Hexes          | |  0.6
Necromancy     | |  0.6
Transmutations | |  0.6
Fire Magic     | |  0.6
Ice Magic      | |  0.6
Air Magic      | |  0.6
Earth Magic    | |  0.6
Poison Magic   | |  0.6
Evocations     | |  0.9

Action                     || total
---------------------------++-------
  Melee: Dagger            ||    11
         Bite              ||     1
   Cast: Magic Dart        ||    20
 Armour: Robe              ||     4
  Dodge: Dodged            ||    16

Table legend: (Time is in decaauts)
 A = Elapsed time spent in this place.
 B = Non-inter-level travel time spent in this place.
 C = Inter-level travel time spent in this place.
 D = Time resting spent in this place.
 E = Time spent auto-exploring this place.
 F = Levels seen in this place.
 G = Mean time per level.
                   A        B        C        D        E       F      G
               +--------+--------+--------+--------+--------+-----+--------+
         Total |    344 |    344 |      0 |      0 |    234 |   2 |  172.0 |
       Dungeon |    344 |    344 |      0 |      0 |    234 |   2 |  172.0 |
               +--------+--------+--------+--------+--------+-----+--------+

Top non-repeatable levels by time:
     D:2: 309 daAuts
     D:1: 35 daAuts
